 Dungeon Crawl Stone Soup version 0.19.5 (webtiles) character file.

49 lauthentik the Sneak (level 3, -5/24 HPs)
             Began as a Vampire Enchanter on Apr 2, 2017.
             Slain by Sigmund
             ... wielding a +0 scythe
              (12 damage)
             ... on level 2 of the Dungeon.
             The game lasted 00:03:12 (1464 turns).

lauthentik the Sneak (Vampire Enchanter)            Turns: 1464, Time: 00:03:12

Health: -5/24      AC:  3    Str:  7    XL:     3   Next: 53%
Magic:  5/6        EV: 12    Int: 18    God:
Gold:   112        SH:  3    Dex: 14    Spells: 2 memorised, 3 levels left

rFire  + . .     SeeInvis +     l - +0 dagger (vamp)
rCold  + + .     Gourm    .     b - +1 robe
rNeg   + + .     Faith    .     h - +0 buckler
rPois  +         Spirit   .     (no helmet)
rElec  +         Reflect  .     (no cloak)
rCorr  +         Harm     .     (no gloves)
MR     .....                    (no boots)
Stlth  ++++......               (no amulet)
                                (no ring)
                                (no ring)

@: resistant, regenerating slowly
A: fangs 3, see invisible, unbreathing
a: Bat Form


You were on level 2 of the Dungeon.
You were thirsty.

You visited 1 branch of the dungeon, and saw 2 of its levels.

You collected 112 gold pieces.

Inventory:

Hand Weapons
 a - a +1 dagger
 g - a +1 dagger of draining
 l - a +0 vampiric dagger (weapon)
Armour
 b - a +1 robe (worn)
 h - a +0 buckler (worn)
Jewellery
 f - an uncursed amulet of magic regeneration {unknown}
Scrolls
 e - 2 scrolls of enchant weapon {unknown}
 j - 2 scrolls of remove curse {unknown}
 k - 2 scrolls of identify {unknown}
 m - 3 scrolls of immolation {unknown}
Potions
 d - 3 potions of blood
 i - a potion of resistance
Books
 c - a book of Maledictions

   Spells                             Type                      Level
   a - Corona                         Hexes                        1
   b - Ensorcelled Hibernation        Hexes/Ice                    2
   c - Confuse                        Hexes                        3
   d - Tukima's Dance                 Hexes                        3
   e - Dazzling Spray                 Conjuration/Hexes            3


   Skills:
 + Level 1.1 Short Blades
 + Level 2.5 Dodging
 + Level 5.4 Stealth
 + Level 2.3 Spellcasting
 + Level 5.3 Hexes


You had 3 spell levels left.
You knew the following spells:

 Your Spells              Type           Power        Failure   Level  Hunger
a - Ensorcelled Hibernat  Hex/Ice        ##....       17%         2    ##.....
b - Corona                Hex            ###....      4%          1    #......


Dungeon Overview and Level Annotations

Branches:
Dungeon (2/15)

Altars:

Annotations:
D:2 Sigmund


Innate Abilities, Weirdness & Mutations

You heal slowly.
You have razor-sharp teeth.
You have supernaturally acute eyesight. (SInv)
You can survive without breathing.


Message History

Sigmund stops glowing.
Sigmund points at you and mumbles some strange words.
You are confused.
Sigmund hits you but does no damage.
Found a stone staircase leading down.
Sigmund barely misses you.
You closely miss Sigmund.
Sigmund is almost dead.
You are too injured to fight recklessly!
It was a potion of resistance.
You feel protected. Sigmund barely misses you. The worm closely misses you.
You are too injured to fight recklessly!
You bump into the rock wall.
Sigmund casts a spell.
Sigmund flickers and vanishes for a moment.
You feel less confused.
Sigmund hits you from afar with a scythe!
Ouch! That really hurt!
You die...

#+# #...#.......#
#.............#
#################.###.#######
..........#.# #
########.#.#.. #
.........#.#... #
#.####......#.... #.
#..#.###..... #.#######.#
#...... #.@.@.....#
#..w...#### ##.8#8.#
....#[#.... .....8#8..###
#...... ..... #..... ...####
#..... ...# #>.... #


You could see Sigmund (invisible) and a worm.

Vanquished Creatures
  Jessica (D:2)
  A worm (D:2)
  A dart slug (D:1)
  2 leopard geckos
  2 giant cockroaches (D:2)
  2 goblins
  2 hobgoblins (D:1)
  A kobold (D:1)
  3 bats (D:2)
  A frilled lizard (D:2)
16 creatures vanquished.

Notes
Turn   | Place    | Note
-------+----------+-------------------------------------------
     0 | D:1      | lauthentik the Vampire Enchanter began the quest for the Orb.
     0 | D:1      | Reached XP level 1. HP: 13/13 MP: 3/3
   585 | D:1      | Reached XP level 2. HP: 13/19 MP: 3/5
   589 | D:1      | Learned a level 2 spell: Ensorcelled Hibernation
  1162 | D:2      | Noticed Jessica
  1170 | D:2      | Reached skill level 5 in Stealth
  1181 | D:2      | Killed Jessica
  1181 | D:2      | Reached skill level 5 in Hexes
  1181 | D:2      | Reached XP level 3. HP: 20/24 MP: 0/6
  1434 | D:2      | Noticed Sigmund
  1464 | D:2      | Slain by Sigmund

Skill      XL: |  1  2 |
---------------+-------+-----
Stealth        | 5 |  5.4
Hexes          | 5 |  5.3
Short Blades   | |  1.1
Dodging        | |  2.5
Spellcasting   | |  2.3

Action                   || total
-------------------------++-------
Melee: Dagger            ||    60
       Bite              ||     2
 Cast: Corona            ||     2
       Ensorcelled Hiber ||     6
  Use: Potion            ||     1
 Stab: Sleeping          ||    11
Armor: Robe              ||     8
Dodge: Dodged            ||    34
Block: Buckler           ||     3
